 Dungeon Sprint DCSS version 0.30-a0-528-g8c47a4955b (webtiles) character file.

Game seed: 12072650224473134882

475 Angani the Trooper (level 6, -14/53 HPs)
             Began as a Demonspawn Fighter on Dec 23, 2022.
             Was a Priest of Uskayaw.
             Demolished by a molten gargoyle
             ... wielding a +0 morningstar
              (22 damage)
             ... in the Dungeon (Sprint VII: "The Pits").
             The game lasted 00:02:28 (294 turns).

Angani the Trooper (Demonspawn Fighter)              Turns: 294, Time: 00:02:29

Health: -14/53     AC: 15    Str: 16    XL:     6   Next: 84%
Magic:  2/10       EV:  8    Int:  9    God:    Uskayaw [***...]
Gold:   0          SH:  6    Dex: 15    Spells: 5/5 levels left

rFire   . . .      SeeInvis .    b - +2 long sword (flame)
rCold   . . .      Faith    .    c - +0 buckler
rNeg    . . .      Spirit   .    o - +3 chain mail
rPois   .          Reflect  .    (no helmet)
rElec   .          Harm     .    (no cloak)
rCorr   .          Rampage  .    (no gloves)
Will    .....      NoTele   +    (no boots) Stlth
                                 (no amulet)
HPRegen 0.28/turn                (no ring)
MPRegen 0.12/turn                (no ring)

@: no status effects
A: hooves 2, thin metallic scales 1
a: Renounce Religion, Stomp, Line Pass


You were in the Dungeon.
You worshipped Uskayaw.
Uskayaw was noncommittal.
You visited 1 branch

Inventory:

Hand Weapons
 b - a +2 long sword of flaming (weapon)
Armour
 c - a +0 buckler (worn)
 o - a +3 chain mail (worn)
Scrolls
 j - a scroll of blinking
 l - 5 scrolls of amnesia
 m - a scroll of butterflies
Potions
 a - 2 potions of invisibility
 d - a potion of might
 e - 6 potions of curing
 f - 5 potions of heal wounds
 g - a potion of haste
 h - 4 potions of magic
 i - 3 potions of berserk rage


   Skills:
 + Level 6.8 Fighting
 + Level 5.9 Long Blades
 + Level 6.3 Armour
 + Level 5.5 Dodging
 + Level 6.4 Shields
 + Level 6.0 Invocations


You had 5 spell levels left.
You didn't know any spells.
Your spell library was empty.

Dungeon Overview and Level Annotations

Branches:
Dungeon (1/1)

Altars:
Ashenzari
Cheibriados
Dithmenos
Fedhas
Gozag
Hepliaklqana
Kikubaaqudgha
Makhleb
Nemelex Xobeh
Okawaru
Qazlal
Ru
Sif Muna
Trog
Uskayaw
Vehumet
Wu Jian
Xom
Yredelemnul
Jiyva
Lugonu


Innate Abilities, Weirdness & Mutations

You have hoof-like feet.
You are partially covered in thin metallic scales. (AC +2)


Message History

You are too injured to fight recklessly!
You feel much better.
You hit the molten gargoyle. Your kick misses the molten gargoyle.
The molten gargoyle is lightly damaged.
The molten gargoyle blasts magma at you!
The bolt of magma misses you.
Okay, then.
Aiming: Line Pass
Press: ? - help, Dir - move target The molten gargoyle appears confused.
The molten gargoyle hits you but does no damage.
Unknown command.
You hit the molten gargoyle.
You kick the molten gargoyle, but do no damage.
The molten gargoyle is lightly damaged.
The molten gargoyle hits itself with a +0 morningstar!
Uskayaw will force your foes to share their pain.
You strike the helpless molten gargoyle from behind!
You hit the molten gargoyle.
You kick the molten gargoyle, but do no damage.
The molten gargoyle is severely damaged.
The molten gargoyle seems less confused.
You block the molten gargoyle's attack. The molten gargoyle barely misses you.
You hit the molten gargoyle but do no damage.
You kick the molten gargoyle.
The molten gargoyle is severely damaged.
The molten gargoyle blasts magma at you!
The bolt of magma hits you!
You barely miss the molten gargoyle.
You kick the molten gargoyle, but do no damage.
The molten gargoyle is severely damaged.
The molten gargoyle blasts magma at you!
The bolt of magma hits you!
* * * LOW HITPOINT WARNING * * *
Unknown command.
Aiming: Line Pass
Press: ? - help, Dir - move target The molten gargoyle appears confused.
The molten gargoyle hits you with a +0 morningstar!!
You die...

#.#........##.......#
#'###########.......#
#.......# #########
#..#.#..# #.##.##.#
#.†.....#+#
#.##.##.#.+
#..#.#..#9#
#.......)@#
###########


You could see a molten gargoyle (confused).

Vanquished Creatures
  2 floating eyes (D)
  An ogre (D)
  A bullfrog (D)
  A scorpion (D)
  A quasit (D)
  Crazy Yiuf (D)
  An adder (D)
  A bat zombie (D)
  2 quokkas (D)
  A ball python skeleton (D)
  A ball python zombie (D)
  A frilled lizard (D)
  2 rats (D)
16 creatures vanquished.

Notes
Turn   | Place    | Note
-------+----------+-------------------------------------------
     0 | D        | Angani the Demonspawn Fighter began the quest for the Orb.
     0 | D        | Reached XP level 1. HP: 18/18 MP: 1/1
     8 | D        | Noticed a floating eye
    10 | D        | Paralysed by a floating eye for 3 turns
    19 | D        | Killed a floating eye
    20 | D        | Gained mutation: You have large cloven feet. [demonic
                  | ancestry]
    20 | D        | Reached XP level 2. HP: 26/26 MP: 2/2
    20 | D        | Reached XP level 3. HP: 32/32 MP: 3/3
    20 | D        | Reached XP level 4. HP: 38/38 MP: 4/4
    46 | D        | Found a basalt altar of Yredelemnul.
    46 | D        | Found a shimmering altar of Xom.
    46 | D        | Found an ornate altar of the Wu Jian Council.
    46 | D        | Found a bloodstained altar of Trog.
    46 | D        | Found a shimmering blue altar of Sif Muna.
    46 | D        | Found a sacrificial altar of Ru.
    46 | D        | Found a stormy altar of Qazlal.
    46 | D        | Found an iron altar of Okawaru.
    46 | D        | Found a sparkling altar of Nemelex Xobeh.
    46 | D        | Found a burning altar of Makhleb.
    46 | D        | Found a viscous altar of Jiyva.
    46 | D        | Found a hazy altar of Hepliaklqana.
    46 | D        | Found an opulent altar of Gozag.
    46 | D        | Found a blossoming altar of Fedhas.
    46 | D        | Found a shadowy altar of Dithmenos.
    46 | D        | Found a snail-covered altar of Cheibriados.
    47 | D        | Found a radiant altar of Vehumet.
    47 | D        | Found a corrupted altar of Lugonu.
    48 | D        | Found an ancient bone altar of Kikubaaqudgha.
    48 | D        | Found a hide-covered altar of Uskayaw.
    48 | D        | Found a broken altar of Ashenzari.
    56 | D        | Became a worshipper of Uskayaw the Reveller
    80 | D        | Noticed a floating eye
    82 | D        | Reached * piety under Uskayaw
    84 | D        | Reached skill level 5 in Fighting
    84 | D        | Reached ** piety under Uskayaw
    85 | D        | Paralysed by a floating eye for 3 turns
    88 | D        | Reached *** piety under Uskayaw
    89 | D        | Killed a floating eye
    90 | D        | Reached skill level 5 in Armour
    90 | D        | Reached skill level 5 in Shields
    90 | D        | Gained mutation: You are partially covered in thin metallic
                  | scales. (AC +2) [demonic ancestry]
    90 | D        | Reached XP level 5. HP: 46/46 MP: 4/7
    94 | D        | Noticed an ogre
   106 | D        | Killed an ogre
   107 | D        | Reached skill level 5 in Long Blades
   107 | D        | Gained mutation: You have hoof-like feet. [demonic
                  | ancestry]
   107 | D        | Reached XP level 6. HP: 17/52 MP: 1/9
   109 | D        | Reached **** piety under Uskayaw
   253 | D        | Reached skill level 5 in Dodging
   253 | D        | Reached skill level 5 in Invocations
   281 | D        | Noticed Crazy Yiuf
   284 | D        | Killed Crazy Yiuf
   286 | D        | Noticed a molten gargoyle
   294 | D        | Demolished by a molten gargoyle

Illustrated notes

Levels and vault maps discovered:
D:        pitsprint [storerooms_1, entrance_room_1, metal_vault_3, armoury_2,
          mini_pit_1, grid_room_1, main_hall_1, silver_pit, the_coven_3,
          the_vestibule_1, steel_vault_4, golden_pit, hallway_of_sentries,
          crystal_vault_1, iron_vault_4, final_vault]

Skill      XL: |  1  2  3  4  5  6 |
---------------+-------------------+-----
Fighting       | 4 5 6 |  6.8
Long Blades    | 3 4 5 |  5.9
Armour         | 4 5 6 |  6.3
Dodging        | 3 4 5 |  5.5
Shields        | 4 5 6 |  6.4
Invocations    | 3 4 6 |  6.0

Action                   |  1- 3 |  4- 6 || total
-------------------------+-------+-------++-------
Melee: Long sword        |     8 |    31 ||    39
       Falchion          |       |    28 ||    28
       Kick              |       |    17 ||    17
Invok: Line Pass         |       |     3 ||     3
  Use: Potion            |       |     1 ||     1
 Stab: Paralysed         |       |     2 ||     2
       Confused          |       |     1 ||     1
Armor: Scale mail        |       |    14 ||    14
       Chain mail        |       |    20 ||    20
Dodge: Dodged            |       |    39 ||    39
Block: Buckler           |       |    17 ||    17

Table legend: (Time is in decaauts)
 A = Elapsed time spent in this place.
 B = Non-inter-level travel time spent in this place.
 C = Inter-level travel time spent in this place.
 D = Time resting spent in this place.
 E = Time spent auto-exploring this place.
 F = Levels seen in this place.
 G = Mean time per level.
                   A        B        C        D        E       F      G
               +--------+--------+--------+--------+--------+-----+--------+
         Total |    303 |    282 |     21 |     56 |      0 |   1 |  303.0 |
       Dungeon |    303 |    282 |     21 |     56 |      0 |   1 |  303.0 |
               +--------+--------+--------+--------+--------+-----+--------+

Top non-repeatable levels by time:
       D: 303 daAuts
